 Dungeon Crawl Stone Soup version 0.29.0-4-gdea44cf6ec (webtiles) character file.

Game seed: 6733811545660749807

890 qw the Cleaver (level 8, -6/44 (46) HPs)
             Began as a Tengu Warper on Aug 28, 2022.
             Mangled by a wight
             ... wielding a +3 war axe
              (13 damage)
             ... on level 5 of the Dungeon.
             The game lasted 00:00:30 (6389 turns).

qw the Cleaver (Tengu Warper)                       Turns: 6389, Time: 00:00:31

HP:   -6/44 (46)    AC:  9    Str: 13    XL:     8   Next: 6%
MP:   12/12         EV:  7    Int: 14    God:
Gold: 35            SH:  0    Dex: 14    Spells: 11/11 levels left

rFire   . . .      SeeInvis .   Y - +0 hand axe (venom)
rCold   . . .      Faith    .   (no shield)
rNeg    . . .      Spirit   .   k - +0 chain mail
rPois   .          Reflect  .   (helmet restricted)
rElec   .          Harm     .   (no cloak)
rCorr   .          Rampage  .   (no gloves)
Will    .....                   (boots unavailable)
Stlth   ..........              (no amulet)
HPRegen 0.14/turn               (no ring)
MPRegen 0.13/turn               (no ring)

@: lethally poisoned (-6 -> -7), flying quickly and evasively, lightly drained,
quick
A: beak, talons 3, nimble flight
a: no special abilities


You were on level 5 of the Dungeon.
You visited 1 branch of the dungeon, and saw 5 of its levels.

You collected 275 gold pieces.
You spent 240 gold pieces at shops.


Innate Abilities, Weirdness & Mutations

You have a beak for a mouth.
You have claws for feet.
Your magical nature lets you fly swiftly and evasively.


   Skills:
 - Level 3.4 Fighting
 - Level 9.0 Axes
 - Level 1.0 Throwing
 + Level 2.9 Armour
 - Level 2.1 Dodging
 - Level 2.0 Spellcasting
 - Level 2.4 Translocations


You had 11 spell levels left.
You didn't know any spells.
Your spell library contained the following spells:

 Spells                   Type           Power      Damage    Failure   Level
 Blink                    Tloc           16%        N/A       99%         2
 Gell's Gravitas          Tloc           8%         N/A       100%        3
 Lesser Beckoning         Tloc           8%         N/A       100%        3
 Teleport Other           Tloc           8%         N/A       100%        3
 Manifold Assault         Tloc           8%         N/A       100%        5

Inventory:

Hand Weapons
 c - a +0 morningstar
 Y - a +0 hand axe of venom (weapon)
Armour
 k - a +0 chain mail (worn)
Jewellery
 e - a ring of see invisible
Scrolls
 a - 2 scrolls of identify
Potions
 b - a potion of lignification {unknown}
 d - 2 potions of might
 f - a potion of cancellation
 g - a potion of heal wounds
 i - a potion of haste
 l - a potion of resistance
 m - 2 potions of curing

Dungeon Overview and Level Annotations

Branches:
Dungeon (5/15)
 Temple: D:4-7

Altars:

Shops:
D:5 !

Annotations:
D:3 2 transporters, qw's ghost, amateur TeWr


Message History

Thank you for shopping at Fibbue's Distillery!
6383 ||| BUYING potion of might (48 gold).
d - 2 potions of might (gained 1) Thank you for shopping at Fibbue's Distillery!
6383 ||| SHOPLISTING potion of might (48 gold, have 35).
You can access your shopping list by pressing '$'.
A wight and an adder come into view.
The adder hisses angrily.
A wight comes into view. It is wielding a +3 war axe.
You slash the adder!
The adder is poisoned.
Your kick misses the adder. You peck the adder, but do no damage.
The adder is severely wounded.
The adder bites you but does no damage.
You barely miss the adder. Your kick misses the adder.
The adder is almost dead.
You closely miss the wight. The adder bites you.
You are poisoned.
The adder poisons you! The wight barely misses you.
You barely miss the adder. You claw the adder, but do no damage.
Your peck misses the adder. Your punch misses the adder.
The adder is almost dead.
You closely miss the wight.
You feel sick.
You kill the adder!
You hit the wight. Your kick misses the wight.
You peck the wight, but do no damage.
The wight is heavily damaged.
You feel sick. The wight hits you with a +3 war axe!
You hit the wight. Your kick misses the wight. Your peck misses the wight.
The wight is severely damaged.
You feel sick.
The wight hits you from afar with a +2 trident!
The wight hits you with a +3 war axe.
You feel drained.
You hit the wight. Your kick misses the wight.
The wight is almost destroyed.
You feel sick.
The wight hits you from afar with a +2 trident!
The wight hits you with a +3 war axe!
You die...

#....# #.##.# #..###
#.##.# #..# #.##.#
#..# #.##.# #.>#
##.##.# ## #7).#
###...#.# ..
#...######...#...#
#.7\7......>..###.##
#z%@.#####...## ##..
......z7.#
#/##.###.## .####.#
######.......## #.
........###.#### ##
#######.#...)...
#.#.#.#### #.....#
#########.###
..........#


You could see 2 wights.

Vanquished Creatures
  2 phantoms (D:4)
  A bullfrog (D:4)
  3 wights
  2 howler monkeys (D:4)
  5 hounds
  An orc wizard (D:4)
  Terence (D:3)
  An iguana (D:4)
  4 gnolls (D:4)
  8 adders
  2 ufetubi (D:5)
  A worm (D:2)
  4 dart slugs
  9 orcs
  5 endoplasms
  3 giant cockroaches
  8 goblins
  7 hobgoblins
  4 jackals (D:4)
  5 quokkas
  12 ball pythons
  5 bats
  A frilled lizard (D:1)
  6 kobolds
  9 rats
109 creatures vanquished.

Notes
Turn   | Place    | Note
-------+----------+-------------------------------------------
     0 | D:1      | qw the Tengu Warper began the quest for the Orb.
     0 | D:1      | Reached XP level 1. HP: 12/12 MP: 4/4
     0 | D:1      | 0 ||| qw: Version: 0.1-a-89-g26bdef1
     0 | D:1      | 0 ||| qw: Game counter: 1671
     0 | D:1      | 0 ||| qw: Always use a shield: true
     0 | D:1      | 0 ||| qw: God list: Okawaru
     0 | D:1      | 0 ||| qw: Allow faded altars: false
     0 | D:1      | 0 ||| qw: Do Orc after D:15 true
     0 | D:1      | 0 ||| qw: Do second Lair branch before Depths: true
     0 | D:1      | 0 ||| qw: Lair rune preference: random
     0 | D:1      | 0 ||| qw: Plans: Normal
     0 | D:1      | 0 ||| PLANNING D:1-11
   159 | D:1      | Reached XP level 2. HP: 6/17 MP: 6/6
   380 | D:1      | Reached skill level 3 in Axes
   533 | D:1      | 533 ||| DROPPING +0 club.
   635 | D:1      | 635 ||| Stepping ~*~*~tactically~*~*~ (hiding).
   737 | D:1      | 737 ||| Stepping ~*~*~tactically~*~*~ (hiding).
   870 | D:1      | 870 ||| Stepping ~*~*~tactically~*~*~ (stealth).
   873 | D:1      | 873 ||| Stepping ~*~*~tactically~*~*~ (stealth).
   989 | D:1      | Reached XP level 3. HP: 16/21 MP: 7/7
  1228 | D:1      | Reached skill level 4 in Axes
  1666 | D:1      | Found a faded altar of an unknown god.
  1835 | D:1      | 1835 ||| DROPPING scarf of shadows.
  1836 | D:1      | 1836 ||| UPGRADING to +0 ring mail.
  1846 | D:1      | 1846 ||| DROPPING +0 leather armour.
  1847 | D:1      | 1847 ||| READING scroll labelled UTEZIU ZOEN.
  1851 | D:1      | 1851 ||| READING scroll labelled TIEGHIUNIUS.
  1852 | D:1      | 1852 ||| READING scroll labelled BEHUQ COTINO.
  1853 | D:1      | 1853 ||| READING scroll labelled NEROIR MIG OLE.
  1854 | D:1      | 1854 ||| DROPPING scroll of blinking.
  2018 | D:2      | 2018 ||| Stepping ~*~*~tactically~*~*~ (stealth).
  2036 | D:2      | 2036 ||| Stepping ~*~*~tactically~*~*~ (stealth).
  2043 | D:2      | HP: 4/21 [adder (2)]
  2045 | D:2      | Reached XP level 4. HP: 4/26 MP: 8/8
  2119 | D:2      | HP: 6/26 [frozen (3)]
  2761 | D:2      | Reached skill level 5 in Axes
  3100 | D:2      | 3100 ||| READING scroll labelled DIMEORGHIEKH.
  3101 | D:2      | 3101 ||| READING scroll labelled UNEB RENIRYIHE.
  3102 | D:2      | 3102 ||| DRINKING 2 black potions.
  3103 | D:2      | 3103 ||| READING 4 scrolls of identify.
  3103 | D:2      | 3103 ||| IDENTIFYING puce potion
  3104 | D:2      | 3104 ||| READING 3 scrolls of identify.
  3104 | D:2      | 3104 ||| IDENTIFYING coppery potion
  3196 | D:3      | Found a transporter.
  3198 | D:3      | Noticed qw's ghost (amateur TeWr)
  3200 | D:3      | Found a transporter.
  3613 | D:3      | Noticed Terence
  3620 | D:3      | Killed Terence
  3621 | D:3      | Gained mutation: Your magical nature lets you fly swiftly
                  | and evasively. [Tengu growth]
  3621 | D:3      | Reached XP level 5. HP: 20/30 MP: 9/9
  4073 | D:3      | 4073 ||| UPGRADING to +0 chain mail.
  4083 | D:3      | 4083 ||| DROPPING +0 ring mail.
  4084 | D:3      | 4084 ||| READING scroll labelled RIBBAMN BUILEFE.
  4085 | D:3      | 4085 ||| READING scroll labelled WAOJIRHOSMENT.
  4221 | D:3      | 4221 ||| READING scroll labelled FASCHO HESOI.
  4222 | D:3      | 4222 ||| READING 2 scrolls of identify.
  4222 | D:3      | 4222 ||| IDENTIFYING fizzy purple potion
  4223 | D:3      | 4223 ||| DROPPING potion of berserk rage.
  4280 | D:4      | 4280 ||| PLANNING SEWER
  4496 | D:4      | Reached skill level 6 in Axes
  4505 | D:4      | Reached XP level 6. HP: 16/35 MP: 10/10
  4505 | D:4      | 4505 ||| FLEEEEING.
  4506 | D:4      | 4506 ||| FLEEEEING.
  4508 | D:4      | 4508 ||| STAIRDANCE
  4686 | D:4      | 4686 ||| DROPPING +2 mace of protection.
  4858 | D:4      | Reached skill level 7 in Axes
  4926 | D:4      | 4926 ||| Stepping ~*~*~tactically~*~*~ (stealth).
  5012 | D:4      | 5012 ||| RIP SEWER
  5019 | D:4      | 5019 ||| PLANNING D:1-11
  5032 | D:4      | Reached skill level 3 in Fighting
  5032 | D:4      | Reached XP level 7. HP: 27/41 MP: 11/11
  5299 | D:4      | HP: 9/41 [gnoll/+0 spear (3)]
  5300 | D:4      | 5300 ||| DRINKING potion of heal wounds.
  5397 | D:4      | Reached skill level 8 in Axes
  5634 | D:4      | 5634 ||| Stepping ~*~*~tactically~*~*~ (stealth).
  5801 | D:4      | 5801 ||| READING 4 scrolls of identify.
  5801 | D:4      | 5801 ||| IDENTIFYING fizzy blue potion
  5802 | D:4      | 5802 ||| READING 3 scrolls of identify.
  5802 | D:4      | 5802 ||| IDENTIFYING clear potion
  5836 | D:5      | Entered Level 5 of the Dungeon
  6025 | D:5      | 6025 ||| Stepping ~*~*~tactically~*~*~ (hiding).
  6191 | D:5      | Found Fibbue's Distillery.
  6211 | D:5      | Reached skill level 9 in Axes
  6314 | D:5      | Reached XP level 8. HP: 35/46 MP: 12/12
  6383 | D:5      | 6383 ||| BUYING potion of cancellation (96 gold).
  6383 | D:5      | Bought a potion of cancellation for 96 gold pieces
  6383 | D:5      | 6383 ||| BUYING potion of curing (36 gold).
  6383 | D:5      | Bought a potion of curing for 36 gold pieces
  6383 | D:5      | 6383 ||| BUYING potion of heal wounds (60 gold).
  6383 | D:5      | Bought a potion of heal wounds for 60 gold pieces
  6383 | D:5      | 6383 ||| BUYING potion of might (48 gold).
  6383 | D:5      | Bought a potion of might for 48 gold pieces
  6383 | D:5      | 6383 ||| SHOPLISTING potion of might (48 gold, have 35).
  6389 | D:5      | HP: 7/44 [wight/+2 trident (8)]
  6389 | D:5      | Mangled by a wight

Levels and vault maps discovered:
D:1:      sevenhm_arrival_forest_fort_large_1, layout_basic,
          ebering_ecumenical_altar_webs, grunt_decor_cap, minmay_misc_feat_five
D:2:      layout_basic, minmay_quantized
D:3:      layout_loops_corners, gammafunk_ghost_arena, uniq_terence
D:4:      layout_gridville, portal_sewer_entry_d, minmay_small_thing
D:5:      layout_loops_ring, serial_shops, nicolae_shop_trees

Skill      XL: |  1  2  3  4  5  6  7 |
---------------+----------------------+-----
Axes           | 3 4 5 6 7 9 |  9.0
Armour         | 2 |  2.9
Fighting       | 3 |  3.4
Throwing       | |  1.0
Dodging        | |  2.1
Spellcasting   | |  2.0
Translocations | |  2.4

Action                   |  1- 3 |  4- 6 |  7- 9 || total
-------------------------+-------+-------+-------++-------
Melee: Hand axe          |   106 |   106 |    94 ||   306
       Kick              |    24 |    27 |    24 ||    75
       Peck              |    11 |    19 |    17 ||    47
       Punch             |     1 |     4 |     2 ||     7
Throw: Boomerang         |     7 |       |       ||     7
  Use: Scroll            |     4 |     8 |     2 ||    14
       Potion            |       |     1 |     1 ||     2
Armor: Leather armour    |    18 |       |       ||    18
       Ring mail         |     7 |    14 |       ||    21
       Chain mail        |       |    21 |    40 ||    61
Dodge: Dodged            |    56 |    40 |    38 ||   134

Table legend:
 A = Non-vault XP
 B = Vault XP
 C = Vault XP percentage of total XP
 D = Non-vault monster count
 E = Vault monster count
 F = Vault count percentage of total count
                 A         B        C        D         E       F
            +---------+---------+-------+---------+---------+-------
      Total |    1060 |     212 |  16.7 |      97 |      12 |  11.0
            +---------+---------+-------+---------+---------+-------
        D:1 |      56 |       2 |   3.4 |      32 |       2 |   5.9
        D:2 |      42 |      33 |  44.0 |      15 |       6 |  28.6
        D:3 |      11 |      36 |  76.6 |       7 |       1 |  12.5
        D:4 |     651 |     141 |  17.8 |      34 |       3 |   8.1
        D:5 |     300 |       0 |   0.0 |       9 |       0 |   0.0
            +---------+---------+-------+---------+---------+-------
